Map: Bridgehead LE (Void)

Players

Nerchio - Winner!

  • Race: Zerg Zerg
  • League: Diamond

TomikuS

  • Race: Zerg Zerg
  • League: Grandmaster

Event: Lycan League Weekly August #1

VOD

Have the link to the VOD?

Description

Time

  • Played on: Aug. 3, 2015, 2:06 p.m.
  • Length: 5:47

All games in this series

Show
View Real Time Build Order
Export as new Build Order

Nerchio Zerg - Winner!

Build Orders: Pool First 

Get SALT Encoding   

  12  0:01  Drone  
  13  0:10  Drone  
  14  0:17  Overlord  
  14  0:26  Drone, Extractor x2  
  13  0:29  Drone  
  16  0:36  Drone  
  17  0:47  Spawning Pool  
  17  0:49  Drone  
  17  0:55  Drone  
  18  1:14  Hatchery  
  17  1:19  Overlord  
  17  1:24  Extractor  
  17  1:25  Drone  
  17  1:34  Queen  
  17  1:37  Zergling x2  
  20  1:41  Drone  
  21  1:48  Drone  
  22  2:00  Drone  
  23  2:09  Drone  
  23  2:10  Queen  
  26  2:20  Overlord  
  26  2:26  Metabolic Boost  
  26  2:27  Queen  
  28  2:30  Drone  
  28  2:32  Drone  
  31  2:37  Drone  
  31  2:42  Drone x2  
  34  2:44  Drone  
  34  2:46  Drone  
  34  2:49  Drone  
  36  2:55  Baneling Nest  
  36  2:57  Drone  
  36  2:59  Drone  
  36  3:04  Overlord  
  37  3:17  Zergling x12  
  43  3:22  Zergling x2  
  43  3:23  Zergling x2  
  45  3:33  Overlord  
  45  3:38  Evolution Chamber, Drone  
  45  3:39  Drone x4  
  49  3:43  Baneling x2  
  49  3:44  Overlord  
  49  3:51  Drone  
  49  3:52  Drone x3  
  53  3:56  Extractor  
  53  3:59  Drone x2  
  53  4:02  Drone  
  55  4:09  Roach Warren  
  54  4:10  Overlord  
  54  4:15  Zergling x2  
  54  4:20  Zergling x6  
  52  4:25  Zergling x10  
  52  4:27  Zergling x2  
  50  4:40  Drone x2  
  50  4:43  Lair  
  50  4:45  Baneling x2  
  52  4:51  Baneling x2  
  52  4:54  Drone x2  
  52  4:58  Zergling x4  
  56  5:05  Zergling x2  
  56  5:06  Zergling x2  
  57  5:07  Zergling x4  
  57  5:08  Zergling x2  
  57  5:09  Zergling x6  
  57  5:12  Zergling x2  
  64  5:19  Baneling x2  
  63  5:22  Zergling x4  
  63  5:24  Zergling x2  
  63  5:26  Baneling x3  
  63  5:27  Baneling  
  61  5:43  Extractor  
Show
View Real Time Build Order
Export as new Build Order

TomikuS Zerg 

Build Orders: Hatch First 

Get SALT Encoding   

  12  0:01  Drone  
  13  0:13  Drone  
  14  0:40  Hatchery, Drone  
  14  0:49  Extractor  
  13  0:50  Drone x2, Extractor  
  13  0:54  Overlord  
  16  1:13  Spawning Pool  
  16  1:14  Drone  
  16  1:17  Drone  
  17  1:23  Extractor  
  16  1:28  Drone  
  17  1:35  Drone  
  18  1:53  Drone x2  
  20  1:59  Queen  
  20  2:00  Queen  
  20  2:01  Zergling x2  
  25  2:10  Drone x2  
  27  2:19  Baneling Nest  
  27  2:22  Overlord  
  26  2:23  Drone  
  26  2:42  Drone x3  
  26  2:43  Drone  
  30  2:47  Drone  
  30  2:50  Zergling x2  
  32  2:53  Metabolic Boost  
  32  3:02  Overlord  
  32  3:03  Drone  
  33  3:15  Drone  
  33  3:16  Drone  
  35  3:24  Drone x3, Overlord  
  35  3:25  Zergling x6  
  41  3:33  Overlord  
  41  3:39  Baneling x2  
  41  3:50  Lair  
  41  3:52  Drone x9  
  50  3:58  Zergling x2  
  50  4:01  Spine Crawler  
  50  4:02  Spine Crawler  
  46  4:03  Zergling x2  
  46  4:05  Zergling x2  
  48  4:12  Zergling x8  
  48  4:13  Zergling x2  
  48  4:21  Zergling x4  
  48  4:22  Zergling x4  
  40  4:33  Zergling x4  
  34  4:41  Queen  
  36  4:46  Zergling x4  
  38  4:54  Queen  
  38  4:56  Overlord, Zergling x2  
  39  5:00  Baneling  
  39  5:01  Baneling x3  
  39  5:03  Zergling x2  
  39  5:06  Zergling x2  
  41  5:13  Baneling x2  
  41  5:16  Zergling x4  
  42  5:23  Zergling x2  

Tags
 
Add a new tag
Caveats
  • Supply blocks, unpowered buildings, or Contaminate may cause inaccurate times.
  • Supply counts are checked every 10 seconds.